Workbook
Name あ: [1]Sheet1!$B$3:$B$11
Name 管轄局: [2]Sheet1!$B$3:$B$11
Name 管轄局: [2]Sheet1!$B$3:$B$11
Name 管轄局: [2]Sheet1!$B$3:$B$11
Name 政策目的: [2]Sheet1!$G$3:$G$5
Name 政策目的: [2]Sheet1!$G$3:$G$5
Name 政策目的: [2]Sheet1!$G$3:$G$5

Sheet 支援計画（市町村）
B1: 別紙様式第１号
B2: 令和８年度 地域農業構造転換支援計画書
B4: 都道府県名 | C4: 市町村名 | D4: 地区名（地域計画名） | E4: 地域計画の情報 | J4: 事業実施地区の成果目標 （設定経営体数） | N4: 地域農業構造転換支援事業 | S4: 市町村附帯事務費 | V4: 地区配分基準ポイント
E5: 地域計画の区分 | F5: 農業地域類型 | G5: 現状集積率 | H5: 目標集積率 | I5: 地域計画更新予定時期 | J5: 経営面積の拡大 | K5: 付加価値額の拡大 | L5: 労働生産性の向上 | M5: 左記の計 | N5: 事業費計 | O5: 国庫補助金 | P5: 自己資金 | Q5: 都道府県費 | R5: 市町村費 | S5: 事業費 | T5: 国庫補助金 | U5: 市町村費 | V5: 将来像が明確化された地域計画 | W5: 誘致団地の創設
G6: （％） | H6: （％） | I6: （年月） | J6: （経営体数） | K6: （経営体数） | L6: （経営体数） | M6: （経営体数） | N6: （円） | O6: （円） | P6: （円） | Q6: （円） | R6: （円） | S6: （円） | T6: （円） | U6: （円）
J7: ① | K7: ② | L7: ③ | M7: ④ = ①+②+③ | N7: ⑤=⑥+⑦+⑧+⑨ | O7: ⑥ | P7: ⑦ | Q7: ⑧ | R7: ⑨ | S7: ⑩=⑪+⑫ | T7: ⑪ | U7: ⑫
B8: 千葉県 | C8: 八街市 | D8: 八街北地区（住野、文違、榎戸） | E8: ①目標集積率が６割以上 | F8: ①都市的地域 | G8: 50 | H8: 60 | I8: R8.3 | J8: =COUNTIFS('実施内容（内訳）'!D:D,'支援計画（市町村）'!D8,'実施内容（内訳）'!O:O,"1 経営面積の３割又は４ha以上の拡大") -> 6 | K8: =COUNTIFS('実施内容（内訳）'!D:D,'支援計画（市町村）'!D8,'実施内容（内訳）'!O:O,"2 付加価値額の10%以上の向上") -> 0 | L8: =COUNTIFS('実施内容（内訳）'!D:D,'支援計画（市町村）'!D8,'実施内容（内訳）'!O:O,"3 労働生産性の3％以上の向上") -> 0 | M8: =SUM(J8:L8) -> 6 | N8: =SUM(O8:R8) -> 9000000 | O8: =SUMIFS('実施内容（内訳）'!R:R,'実施内容（内訳）'!D:D,'支援計画（市町村）'!D8) -> 6000000 | P8: =SUMIFS('実施内容（内訳）'!S:S,'実施内容（内訳）'!D:D,'支援計画（市町村）'!D8) -> 3000000 | Q8: =SUMIFS('実施内容（内訳）'!T:T,'実施内容（内訳）'!D:D,'支援計画（市町村）'!D8) -> 0 | R8: =SUMIFS('実施内容（内訳）'!U:U,'実施内容（内訳）'!D:D,'支援計画（市町村）'!D8) -> 0 | S8: =SUM(T8:U8) -> 1000500 | T8: 1000000 | U8: 500 | V8: =IF(ISERROR(VLOOKUP(D8,'実施内容（内訳）'!D:BH,56,FALSE)),"",VLOOKUP(D8,'実施内容（内訳）'!D:BH,56,FALSE)) -> 0 | W8: =IF(ISERROR(VLOOKUP(D8,'実施内容（内訳）'!D:BI,57,FALSE)),"",VLOOKUP(D8,'実施内容（内訳）'!D:BI,57,FALSE)) -> 0
B9: 千葉県 | C9: 八街市 | D9: 八街市 | E9: ②目標集積率が５割以上（都府県の中山間地域に限る） | F9: ②平地農業地域 | G9: 20 | H9: 30 | I9: R8.3 | J9: =COUNTIFS('実施内容（内訳）'!D:D,'支援計画（市町村）'!D9,'実施内容（内訳）'!O:O,"1 経営面積の３割又は４ha以上の拡大") -> 2 | K9: =COUNTIFS('実施内容（内訳）'!D:D,'支援計画（市町村）'!D9,'実施内容（内訳）'!O:O,"2 付加価値額の10%以上の向上") -> 0 | L9: =COUNTIFS('実施内容（内訳）'!D:D,'支援計画（市町村）'!D9,'実施内容（内訳）'!O:O,"3 労働生産性の3％以上の向上") -> 0 | M9: =SUM(J9:L9) -> 2 | N9: =SUM(O9:R9) -> 3000000 | O9: =SUMIFS('実施内容（内訳）'!R:R,'実施内容（内訳）'!D:D,'支援計画（市町村）'!D9) -> 2000000 | P9: =SUMIFS('実施内容（内訳）'!S:S,'実施内容（内訳）'!D:D,'支援計画（市町村）'!D9) -> 1000000 | Q9: =SUMIFS('実施内容（内訳）'!T:T,'実施内容（内訳）'!D:D,'支援計画（市町村）'!D9) -> 0 | R9: =SUMIFS('実施内容（内訳）'!U:U,'実施内容（内訳）'!D:D,'支援計画（市町村）'!D9) -> 0 | S9: =SUM(T9:U9) -> 0 | V9: =IF(ISERROR(VLOOKUP(D9,'実施内容（内訳）'!D:BH,56,FALSE)),"",VLOOKUP(D9,'実施内容（内訳）'!D:BH,56,FALSE)) -> 0 | W9: =IF(ISERROR(VLOOKUP(D9,'実施内容（内訳）'!D:BI,57,FALSE)),"",VLOOKUP(D9,'実施内容（内訳）'!D:BI,57,FALSE)) -> 0
B10: 千葉県 | C10: 八街市 | D10: ○○ | E10: ③目標集積率が現状集積率より10ポイント以上増加 | F10: ③中間農業地域 | G10: 90 | H10: 90 | I10: R8.3 | J10: =COUNTIFS('実施内容（内訳）'!D:D,'支援計画（市町村）'!D10,'実施内容（内訳）'!O:O,"1 経営面積の３割又は４ha以上の拡大") -> 0 | K10: =COUNTIFS('実施内容（内訳）'!D:D,'支援計画（市町村）'!D10,'実施内容（内訳）'!O:O,"2 付加価値額の10%以上の向上") -> 0 | L10: =COUNTIFS('実施内容（内訳）'!D:D,'支援計画（市町村）'!D10,'実施内容（内訳）'!O:O,"3 労働生産性の3％以上の向上") -> 0 | M10: =SUM(J10:L10) -> 0 | N10: =SUM(O10:R10) -> 0 | O10: =SUMIFS('実施内容（内訳）'!R:R,'実施内容（内訳）'!D:D,'支援計画（市町村）'!D10) -> 0 | P10: =SUMIFS('実施内容（内訳）'!S:S,'実施内容（内訳）'!D:D,'支援計画（市町村）'!D10) -> 0 | Q10: =SUMIFS('実施内容（内訳）'!T:T,'実施内容（内訳）'!D:D,'支援計画（市町村）'!D10) -> 0 | R10: =SUMIFS('実施内容（内訳）'!U:U,'実施内容（内訳）'!D:D,'支援計画（市町村）'!D10) -> 0 | S10: =SUM(T10:U10) -> 0 | V10: =IF(ISERROR(VLOOKUP(D10,'実施内容（内訳）'!D:BH,56,FALSE)),"",VLOOKUP(D10,'実施内容（内訳）'!D:BH,56,FALSE)) | W10: =IF(ISERROR(VLOOKUP(D10,'実施内容（内訳）'!D:BI,57,FALSE)),"",VLOOKUP(D10,'実施内容（内訳）'!D:BI,57,FALSE))
B11: 千葉県 | C11: 八街市 | D11: ○○ | E11: ④ブラッシュアップを行い、事業実施年度の翌年度までに当該要件を満たすことが確実 | F11: ④山間農業地域 | G11: 50 | H11: 70 | I11: R8.3 | J11: =COUNTIFS('実施内容（内訳）'!D:D,'支援計画（市町村）'!D11,'実施内容（内訳）'!O:O,"1 経営面積の３割又は４ha以上の拡大") -> 0 | K11: =COUNTIFS('実施内容（内訳）'!D:D,'支援計画（市町村）'!D11,'実施内容（内訳）'!O:O,"2 付加価値額の10%以上の向上") -> 0 | L11: =COUNTIFS('実施内容（内訳）'!D:D,'支援計画（市町村）'!D11,'実施内容（内訳）'!O:O,"3 労働生産性の3％以上の向上") -> 0 | M11: =SUM(J11:L11) -> 0 | N11: =SUM(O11:R11) -> 0 | O11: =SUMIFS('実施内容（内訳）'!R:R,'実施内容（内訳）'!D:D,'支援計画（市町村）'!D11) -> 0 | P11: =SUMIFS('実施内容（内訳）'!S:S,'実施内容（内訳）'!D:D,'支援計画（市町村）'!D11) -> 0 | Q11: =SUMIFS('実施内容（内訳）'!T:T,'実施内容（内訳）'!D:D,'支援計画（市町村）'!D11) -> 0 | R11: =SUMIFS('実施内容（内訳）'!U:U,'実施内容（内訳）'!D:D,'支援計画（市町村）'!D11) -> 0 | S11: =SUM(T11:U11) -> 0 | V11: =IF(ISERROR(VLOOKUP(D11,'実施内容（内訳）'!D:BH,56,FALSE)),"",VLOOKUP(D11,'実施内容（内訳）'!D:BH,56,FALSE)) | W11: =IF(ISERROR(VLOOKUP(D11,'実施内容（内訳）'!D:BI,57,FALSE)),"",VLOOKUP(D11,'実施内容（内訳）'!D:BI,57,FALSE))
J12: =COUNTIFS('実施内容（内訳）'!D:D,'支援計画（市町村）'!D12,'実施内容（内訳）'!O:O,"1 経営面積の３割又は４ha以上の拡大") -> 0 | K12: =COUNTIFS('実施内容（内訳）'!D:D,'支援計画（市町村）'!D12,'実施内容（内訳）'!O:O,"2 付加価値額の10%以上の向上") -> 0 | L12: =COUNTIFS('実施内容（内訳）'!D:D,'支援計画（市町村）'!D12,'実施内容（内訳）'!O:O,"3 労働生産性の3％以上の向上") -> 0 | M12: =SUM(J12:L12) -> 0 | N12: =SUM(O12:R12) -> 0 | O12: =SUMIFS('実施内容（内訳）'!R:R,'実施内容（内訳）'!D:D,'支援計画（市町村）'!D12) -> 0 | P12: =SUMIFS('実施内容（内訳）'!S:S,'実施内容（内訳）'!D:D,'支援計画（市町村）'!D12) -> 0 | Q12: =SUMIFS('実施内容（内訳）'!T:T,'実施内容（内訳）'!D:D,'支援計画（市町村）'!D12) -> 0 | R12: =SUMIFS('実施内容（内訳）'!U:U,'実施内容（内訳）'!D:D,'支援計画（市町村）'!D12) -> 0 | S12: =SUM(T12:U12) -> 0 | V12: =IF(ISERROR(VLOOKUP(D12,'実施内容（内訳）'!D:BH,56,FALSE)),"",VLOOKUP(D12,'実施内容（内訳）'!D:BH,56,FALSE)) | W12: =IF(ISERROR(VLOOKUP(D12,'実施内容（内訳）'!D:BI,57,FALSE)),"",VLOOKUP(D12,'実施内容（内訳）'!D:BI,57,FALSE))
B13: 合計 | J13: =SUM(J8:J12) -> 8 | K13: =SUM(K8:K12) -> 0 | L13: =SUM(L8:L12) -> 0 | M13: =SUM(M8:M12) -> 8 | N13: =SUM(N8:N12) -> 12000000 | O13: =SUM(O8:O12) -> 8000000 | P13: =SUM(P8:P12) -> 4000000 | Q13: =SUM(Q8:Q12) -> 0 | ... U13: =SUM(U8:U12) -> 500
B15: 〔添付資料〕
C16: １ 助成対象者ごとの事業実施計画
C17: ２ 市町村附帯事務費を使用する場合は、具体的な使途と経費の内訳を記載した資料
C18: ３ その他都道府県知事が必要と認める資料
B20: （注） | C20: 添付資料について、都道府県のウェブサイトにおいて閲覧が可能な場合は、当該ウェブサイトのＵＲＬを記載することにより当該資料の添付を省略することができる。

Sheet 都道府県実施計画
B3: 別紙様式第３号
B5: 都道府県実施計画
B7: Ⅰ 都道府県実施計画
B8: 区分 | L8: 事業費 | Q8: 負担区分 | AK8: 参 考 | AP8: 備 考
Q10: 補助金 A | V10: 都道府県費 B | AA10: 市町村費 C | AF10: 自己資金 D
B13: １ 事業費 | AK13: 経営体
B15: ２ 附帯事務費
D17: （１）都道府県附帯事務費
D19: （２）市町村附帯事務費
B21: 計
B23: （注） | D23: 備考欄には、仕入れに係る消費税等相当額について、これを減額した場合には、「除税額〇〇〇円うち国費〇○○円」を、同税額がない場合には「該当なし」と、同税額が明らかでない場合には「含税額」とそれぞれ記入するとともに、同税額を減額した場合には計の欄の備考欄に合計額（「除税額○○○円うち国費○○○円」）を記入すること（農業用機械リース導入を除く）。
B27: ［附帯事務費の具体的な使途］
L28: 具体的な使途
B30: 都道府県附帯事務費
B33: 市町村附帯事務費
B37: Ⅱ 事業完了（予定）年月日 | M37: 令和 | R37: 年 | V37: 月 | Z37: 日
B39: Ⅲ 収支予算（精算）
C40: (１) 収入の部
B41: 区分 | J41: 本年度予算額 | T41: 前年度予算額 | AD41: 比較増減 | AP41: 備考
J42: （本年度精算額） | T42: （本年度予算額） | AD42: 増 | AJ42: 減
J43: 円 | T43: 円 | AD43: 円 | AJ43: 円
B44: 国庫補助金 | AD44: =IF(N(J44)>N(T44),N(J44)-N(T44),"") | AJ44: =IF(N(J44)<N(T44),N(T44)-N(J44),"")
B46: その他 | AD46: =IF(N(J46)>N(T46),N(J46)-N(T46),"") | AJ46: =IF(N(J46)<N(T46),N(T46)-N(J46),"")
B48: 計 | J48: =IF(J44="","",SUM(J44,J46)) | T48: =IF(J48="","",SUM(T44,T46)) | AD48: =IF(N(J48)>N(T48),N(J48)-N(T48),"") | AJ48: =IF(N(J48)<N(T48),N(T48)-N(J48),"")
C51: (２) 支出の部
B52: 区分 | J52: 本年度予算額 | T52: 前年度予算額 | AD52: 比較増減 | AP52: 備考
J53: （本年度精算額） | T53: （本年度予算額） | AD53: 増 | AJ53: 減
J54: 円 | T54: 円 | AD54: 円 | AJ54: 円
B55: １．事業費
B57: 地域農業構造転換支援対策 のうちリース導入以外
B59: ２．附帯事務費
B61: 計
B64: 〔添付資料〕
B65: １ | C65: 都道府県が定める本補助金の交付に関する規程又は要綱等
B66: ２ | C66: 実施内容（内訳）（別紙様式第３号別添１）
B68: （注） | D68: 添付資料について、都道府県のウェブサイトにおいて閲覧が可能な場合は、当該ウェブサイトのＵＲＬを記載することにより当該資料の添付を省略することができる。

Sheet 実施内容（内訳）
B1: 別紙様式第３号別添１
B2: 実施内容（内訳）
B3: 都道府県名 | C3: 市町村名 | D3: 地区名（地域計画名） | E3: 助成対象者の情報 | P3: 事業内容 | V3: 成果目標 （助成対象者が設定した成果目標について記載） | AP3: 配分基準項目 （加点した項目に点数を記載） | BJ3: 備考
E4: 整理番号（市町村ごと） | F4: 氏名（助成対象者） | G4: 代表者名（法人等の場合に記載） | H4: 目標地図に位置付けられた者の 区分 | I4: 営農類型区分 | J4: 法人・法人以外の別 | K4: 課税事業者の区分 | L4: 経営面積 （現状） | M4: 付加価値額 （現状） | N4: 購入又はリースの別 | O4: 選択する成果目標 | P4: 導入する機械等と成果目標の項目の関連 （導入する全ての機械等と、成果目標との関連についてそれぞれ記載） | Q4: 事業費計 | R4: 国庫補助金 | S4: 自己資金 | T4: 都道府県費 | U4: 市町村費 | V4: 経営面積の拡大 | AC4: 付加価値額の拡大 | AI4: 労働生産性の向上 | AP4: 経営面積 | AR4: 付加価値 | AT4: 労働生産性 | AV4: 小計 | AW4: 取組内容ポイント | BG4: 地区（地域計画） | BI4: ポイント合計
V5: 拡大する作目 | W5: 現状 | X5: 1年度目 | Y5: 2年度目 | Z5: 3年度目 | AA5: 拡大率 | AB5: 拡大面積 | AC5: 現状 | AD5: 1年度目 | AE5: 2年度目 | AF5: 3年度目 | AG5: 拡大率 | AH5: 拡大額 | AI5: スマート農業認定 | AJ5: 現状 | AK5: 1年度目 | AL5: 2年度目 | AM5: 3年度目 | AN5: 向上率 | AO5: 拡大額 | AP5: 拡大面積 | AQ5: 拡大率 | AR5: 拡大率 | AS5: 付加価値拡大額 | AT5: 向上率 | AU5: 付加価値拡大額 | AW5: 経営管理高度化 | AZ5: 環境配慮 | BA5: 輸出 | BC5: 女性 | BD5: 労働環境の改善 | BG5: 将来像明確化 | BH5: 誘致団地創設
Q6: （円） | R6: （円） | S6: （円） | T6: （円） | U6: （円） | W6: (ha) | X6: (ha) | Y6: (ha) | Z6: (ha) | AA6: (%) | AB6: (ha) | AD6: （円） | AE6: （円） | AF6: （円） | AG6: (%) | AH6: （円） | AN6: （％） | AO6: （円）
L7: (ha) | M7: （円） | Q7: ①=②+③+④+⑤ | R7: ② | S7: ③ | T7: ④ | U7: ⑤ | W7: ⑥ | Z7: ⑦ | AA7: ⑦÷⑥ | AB7: ⑦ | AC7: ⑧ | AF7: ⑨ | AG7: ⑨÷⑧ | AH7: ⑨-⑧ | AJ7: ⑩ | AM7: ⑪ | AN7: ⑪/⑩ | AP7: (ha) | AQ7: (%) | AR7: (%) | AS7: (円) | AT7: (%) | AU7: (円） | AW7: ア | AX7: イ | AY7: ウ | BA7: ア | BB7: イ | BD7: ア | BE7: イ | BF7: ウ
B8: 千葉県 | C8: 八街市 | D8: 八街北地区（住野、文違、榎戸） | E8: =DB!A3 -> 1 | F8: =DB!B3 -> 0 | G8: =DB!D3 -> 0 | H8: =DB!E3 -> 1 認定農業者 | I8: =DB!F3 -> 0 | J8: =DB!G3 -> 1 法人 | K8: =DB!H3 -> 1 課税事業者（簡易課税事業者除く） | L8: =DB!I3 -> 0 | M8: =DB!J3 -> 0 | N8: =DB!N3 -> 購入 | O8: =DB!O3 -> 1 経営面積の３割又は４ha以上の拡大 | P8: =DB!AS3 -> ・全ての整備内容（導入予定の機械等）ごとに、 ①成果目標の達成に直結するものであり、導入した機械等を活用して目標年度までにどのように成果目標を達成していくのか ②予定する経営規模と比べて適切な規模であること（過剰な能力・規模の機械等でないこと） が分かるように記入してください。 | Q8: =DB!HN3 -> 1500000 | R8: =DB!HO3 -> 1000000 | S8: =DB!HP3 -> 500000 | T8: =DB!HQ3 -> 0 | U8: =DB!HR3 -> 0 | V8: =DB!P3 -> 0 | W8: =DB!Q3 -> 0 | X8: =DB!S3 -> 0 | Y8: =DB!T3 -> 0 | Z8: =DB!U3 -> 0 | AA8: =DB!V3 -> #DIV/0! | AB8: =DB!U3 -> 0 | AC8: =DB!X3 -> 0 | AD8: =DB!Y3 -> 0 | AE8: =DB!Z3 -> 0 | AF8: =DB!AA3 -> 0 | AG8: =DB!AB3 -> #DIV/0! | AH8: =DB!AC3 -> 0 | AI8: =IF(DB!AD3=TRUE,1,0) -> 0 | AJ8: =DB!AE3 -> #DIV/0! | AK8: =DB!AH3 -> #DIV/0! | AL8: =DB!AK3 -> #DIV/0! | AM8: =DB!AN3 -> #DIV/0! | AN8: =DB!AR3 -> #DIV/0! | AO8: =DB!AQ3 -> 0 | AP8: =DB!HU3 -> #DIV/0! | AQ8: =DB!HV3 -> #DIV/0! | AR8: =DB!HW3 | AS8: =DB!HX3 | AT8: =DB!HY3 | AU8: =DB!HZ3 | AV8: =DB!IA3 -> #DIV/0! | AW8: =DB!IB3 -> 1 | ... BF8: =DB!IK3 -> 1 | BI8: =SUM(AV8:BG8) -> #DIV/0! | BJ8: =DB!HS3 -> 336363.64 | BK8: =DB!HT3 -> 100700
B9: 千葉県 | C9: 八街市 | D9: 八街北地区（住野、文違、榎戸） | E9: =DB!A4 -> 1 | F9: =DB!B4 -> 0 | G9: =DB!D4 -> 0 | H9: =DB!E4 -> 1 認定農業者 | I9: =DB!F4 -> 0 | J9: =DB!G4 -> 1 法人 | K9: =DB!H4 -> 1 課税事業者（簡易課税事業者除く） | L9: =DB!I4 -> 0 | M9: =DB!J4 -> 0 | N9: =DB!N4 -> 購入 | O9: =DB!O4 -> 1 経営面積の３割又は４ha以上の拡大 | P9: =DB!AS4 -> ・全ての整備内容（導入予定の機械等）ごとに、 ①成果目標の達成に直結するものであり、導入した機械等を活用して目標年度までにどのように成果目標を達成していくのか ②予定する経営規模と比べて適切な規模であること（過剰な能力・規模の機械等でないこと） が分かるように記入してください。 | Q9: =DB!HN4 -> 1500000 | R9: =DB!HO4 -> 1000000 | S9: =DB!HP4 -> 500000 | T9: =DB!HQ4 -> 0 | U9: =DB!HR4 -> 0 | V9: =DB!P4 -> 0 | W9: =DB!Q4 -> 0 | X9: =DB!S4 -> 0 | Y9: =DB!T4 -> 0 | Z9: =DB!U4 -> 0 | AA9: =DB!V4 -> #DIV/0! | AB9: =DB!U4 -> 0 | AC9: =DB!X4 -> 0 | AD9: =DB!Y4 -> 0 | AE9: =DB!Z4 -> 0 | AF9: =DB!AA4 -> 0 | AG9: =DB!AB4 -> #DIV/0! | AH9: =DB!AC4 -> 0 | AI9: =IF(DB!AD4=TRUE,1,0) -> 0 | AJ9: =DB!AE4 -> #DIV/0! | AK9: =DB!AH4 -> #DIV/0! | AL9: =DB!AK4 -> #DIV/0! | AM9: =DB!AN4 -> #DIV/0! | AN9: =DB!AR4 -> #DIV/0! | AO9: =DB!AQ4 -> 0 | AP9: =DB!HU4 -> #DIV/0! | AQ9: =DB!HV4 -> #DIV/0! | AR9: =DB!HW4 | AS9: =DB!HX4 | AT9: =DB!HY4 | AU9: =DB!HZ4 | AV9: =DB!IA4 -> #DIV/0! | AW9: =DB!IB4 -> 1 | ... BF9: =DB!IK4 -> 1 | BI9: =SUM(AV9:BH9) -> #DIV/0! | BJ9: =DB!HS4 -> 336363.64 | BK9: =DB!HT4 -> 100700
B10: 千葉県 | C10: 八街市 | D10: 八街市 | E10: =DB!A5 -> 1 | F10: =DB!B5 -> 0 | G10: =DB!D5 -> 0 | H10: =DB!E5 -> 1 認定農業者 | I10: =DB!F5 -> 0 | J10: =DB!G5 -> 1 法人 | K10: =DB!H5 -> 1 課税事業者（簡易課税事業者除く） | L10: =DB!I5 -> 0 | M10: =DB!J5 -> 0 | N10: =DB!N5 -> 購入 | O10: =DB!O5 -> 1 経営面積の３割又は４ha以上の拡大 | P10: =DB!AS5 -> ・全ての整備内容（導入予定の機械等）ごとに、 ①成果目標の達成に直結するものであり、導入した機械等を活用して目標年度までにどのように成果目標を達成していくのか ②予定する経営規模と比べて適切な規模であること（過剰な能力・規模の機械等でないこと） が分かるように記入してください。 | Q10: =DB!HN5 -> 1500000 | R10: =DB!HO5 -> 1000000 | S10: =DB!HP5 -> 500000 | T10: =DB!HQ5 -> 0 | U10: =DB!HR5 -> 0 | V10: =DB!P5 -> 0 | W10: =DB!Q5 -> 0 | X10: =DB!S5 -> 0 | Y10: =DB!T5 -> 0 | Z10: =DB!U5 -> 0 | AA10: =DB!V5 -> #DIV/0! | AB10: =DB!U5 -> 0 | AC10: =DB!X5 -> 0 | AD10: =DB!Y5 -> 0 | AE10: =DB!Z5 -> 0 | AF10: =DB!AA5 -> 0 | AG10: =DB!AB5 -> #DIV/0! | AH10: =DB!AC5 -> 0 | AI10: =IF(DB!AD5=TRUE,1,0) -> 0 | AJ10: =DB!AE5 -> #DIV/0! | AK10: =DB!AH5 -> #DIV/0! | AL10: =DB!AK5 -> #DIV/0! | AM10: =DB!AN5 -> #DIV/0! | AN10: =DB!AR5 -> #DIV/0! | AO10: =DB!AQ5 -> 0 | AP10: =DB!HU5 -> #DIV/0! | AQ10: =DB!HV5 -> #DIV/0! | AR10: =DB!HW5 | AS10: =DB!HX5 | AT10: =DB!HY5 | AU10: =DB!HZ5 | AV10: =DB!IA5 -> #DIV/0! | AW10: =DB!IB5 -> 1 | ... BF10: =DB!IK5 -> 1 | BI10: =SUM(AV10:BH10) -> #DIV/0! | BJ10: =DB!HS5 -> 336363.64 | BK10: =DB!HT5 -> 100700
B11: 千葉県 | C11: 八街市 | D11: 八街市 | E11: =DB!A6 -> 1 | F11: =DB!B6 -> 0 | G11: =DB!D6 -> 0 | H11: =DB!E6 -> 1 認定農業者 | I11: =DB!F6 -> 0 | J11: =DB!G6 -> 1 法人 | K11: =DB!H6 -> 1 課税事業者（簡易課税事業者除く） | L11: =DB!I6 -> 0 | M11: =DB!J6 -> 0 | N11: =DB!N6 -> 購入 | O11: =DB!O6 -> 1 経営面積の３割又は４ha以上の拡大 | P11: =DB!AS6 -> ・全ての整備内容（導入予定の機械等）ごとに、 ①成果目標の達成に直結するものであり、導入した機械等を活用して目標年度までにどのように成果目標を達成していくのか ②予定する経営規模と比べて適切な規模であること（過剰な能力・規模の機械等でないこと） が分かるように記入してください。 | Q11: =DB!HN6 -> 1500000 | R11: =DB!HO6 -> 1000000 | S11: =DB!HP6 -> 500000 | T11: =DB!HQ6 -> 0 | U11: =DB!HR6 -> 0 | V11: =DB!P6 -> 0 | W11: =DB!Q6 -> 0 | X11: =DB!S6 -> 0 | Y11: =DB!T6 -> 0 | Z11: =DB!U6 -> 0 | AA11: =DB!V6 -> #DIV/0! | AB11: =DB!U6 -> 0 | AC11: =DB!X6 -> 0 | AD11: =DB!Y6 -> 0 | AE11: =DB!Z6 -> 0 | AF11: =DB!AA6 -> 0 | AG11: =DB!AB6 -> #DIV/0! | AH11: =DB!AC6 -> 0 | AI11: =IF(DB!AD6=TRUE,1,0) -> 0 | AJ11: =DB!AE6 -> #DIV/0! | AK11: =DB!AH6 -> #DIV/0! | AL11: =DB!AK6 -> #DIV/0! | AM11: =DB!AN6 -> #DIV/0! | AN11: =DB!AR6 -> #DIV/0! | AO11: =DB!AQ6 -> 0 | AP11: =DB!HU6 -> #DIV/0! | AQ11: =DB!HV6 -> #DIV/0! | AR11: =DB!HW6 | AS11: =DB!HX6 | AT11: =DB!HY6 | AU11: =DB!HZ6 | AV11: =DB!IA6 -> #DIV/0! | AW11: =DB!IB6 -> 1 | ... BF11: =DB!IK6 -> 1 | BI11: =SUM(AV11:BH11) -> #DIV/0! | BJ11: =DB!HS6 -> 336363.64 | BK11: =DB!HT6 -> 100700
B12: 千葉県 | C12: 八街市 | D12: 八街北地区（住野、文違、榎戸） | E12: =DB!A7 -> 1 | F12: =DB!B7 -> 0 | G12: =DB!D7 -> 0 | H12: =DB!E7 -> 1 認定農業者 | I12: =DB!F7 -> 0 | J12: =DB!G7 -> 1 法人 | K12: =DB!H7 -> 1 課税事業者（簡易課税事業者除く） | L12: =DB!I7 -> 0 | M12: =DB!J7 -> 0 | N12: =DB!N7 -> 購入 | O12: =DB!O7 -> 1 経営面積の３割又は４ha以上の拡大 | P12: =DB!AS7 -> ・全ての整備内容（導入予定の機械等）ごとに、 ①成果目標の達成に直結するものであり、導入した機械等を活用して目標年度までにどのように成果目標を達成していくのか ②予定する経営規模と比べて適切な規模であること（過剰な能力・規模の機械等でないこと） が分かるように記入してください。 | Q12: =DB!HN7 -> 1500000 | R12: =DB!HO7 -> 1000000 | S12: =DB!HP7 -> 500000 | T12: =DB!HQ7 -> 0 | U12: =DB!HR7 -> 0 | V12: =DB!P7 -> 0 | W12: =DB!Q7 -> 0 | X12: =DB!S7 -> 0 | Y12: =DB!T7 -> 0 | Z12: =DB!U7 -> 0 | AA12: =DB!V7 -> #DIV/0! | AB12: =DB!U7 -> 0 | AC12: =DB!X7 -> 0 | AD12: =DB!Y7 -> 0 | AE12: =DB!Z7 -> 0 | AF12: =DB!AA7 -> 0 | AG12: =DB!AB7 -> #DIV/0! | AH12: =DB!AC7 -> 0 | AI12: =IF(DB!AD7=TRUE,1,0) -> 0 | AJ12: =DB!AE7 -> #DIV/0! | AK12: =DB!AH7 -> #DIV/0! | AL12: =DB!AK7 -> #DIV/0! | AM12: =DB!AN7 -> #DIV/0! | AN12: =DB!AR7 -> #DIV/0! | AO12: =DB!AQ7 -> 0 | AP12: =DB!HU7 -> #DIV/0! | AQ12: =DB!HV7 -> #DIV/0! | AR12: =DB!HW7 | AS12: =DB!HX7 | AT12: =DB!HY7 | AU12: =DB!HZ7 | AV12: =DB!IA7 -> #DIV/0! | AW12: =DB!IB7 -> 1 | ... BF12: =DB!IK7 -> 1 | BI12: =SUM(AV12:BH12) -> #DIV/0! | BJ12: =DB!HS7 -> 336363.64 | BK12: =DB!HT7 -> 100700
B13: 千葉県 | C13: 八街市 | D13: 八街北地区（住野、文違、榎戸） | E13: =DB!A8 -> 1 | F13: =DB!B8 -> 0 | G13: =DB!D8 -> 0 | H13: =DB!E8 -> 1 認定農業者 | I13: =DB!F8 -> 0 | J13: =DB!G8 -> 1 法人 | K13: =DB!H8 -> 1 課税事業者（簡易課税事業者除く） | L13: =DB!I8 -> 0 | M13: =DB!J8 -> 0 | N13: =DB!N8 -> 購入 | O13: =DB!O8 -> 1 経営面積の３割又は４ha以上の拡大 | P13: =DB!AS8 -> ・全ての整備内容（導入予定の機械等）ごとに、 ①成果目標の達成に直結するものであり、導入した機械等を活用して目標年度までにどのように成果目標を達成していくのか ②予定する経営規模と比べて適切な規模であること（過剰な能力・規模の機械等でないこと） が分かるように記入してください。 | Q13: =DB!HN8 -> 1500000 | R13: =DB!HO8 -> 1000000 | S13: =DB!HP8 -> 500000 | T13: =DB!HQ8 -> 0 | U13: =DB!HR8 -> 0 | V13: =DB!P8 -> 0 | W13: =DB!Q8 -> 0 | X13: =DB!S8 -> 0 | Y13: =DB!T8 -> 0 | Z13: =DB!U8 -> 0 | AA13: =DB!V8 -> #DIV/0! | AB13: =DB!U8 -> 0 | AC13: =DB!X8 -> 0 | AD13: =DB!Y8 -> 0 | AE13: =DB!Z8 -> 0 | AF13: =DB!AA8 -> 0 | AG13: =DB!AB8 -> #DIV/0! | AH13: =DB!AC8 -> 0 | AI13: =IF(DB!AD8=TRUE,1,0) -> 0 | AJ13: =DB!AE8 -> #DIV/0! | AK13: =DB!AH8 -> #DIV/0! | AL13: =DB!AK8 -> #DIV/0! | AM13: =DB!AN8 -> #DIV/0! | AN13: =DB!AR8 -> #DIV/0! | AO13: =DB!AQ8 -> 0 | AP13: =DB!HU8 -> #DIV/0! | AQ13: =DB!HV8 -> #DIV/0! | AR13: =DB!HW8 | AS13: =DB!HX8 | AT13: =DB!HY8 | AU13: =DB!HZ8 | AV13: =DB!IA8 -> #DIV/0! | AW13: =DB!IB8 -> 1 | ... BF13: =DB!IK8 -> 1 | BI13: =SUM(AV13:BH13) -> #DIV/0! | BJ13: =DB!HS8 -> 336363.64 | BK13: =DB!HT8 -> 100700
B14: 千葉県 | C14: 八街市 | D14: 八街北地区（住野、文違、榎戸） | E14: =DB!A9 -> 1 | F14: =DB!B9 -> 0 | G14: =DB!D9 -> 0 | H14: =DB!E9 -> 1 認定農業者 | I14: =DB!F9 -> 0 | J14: =DB!G9 -> 1 法人 | K14: =DB!H9 -> 1 課税事業者（簡易課税事業者除く） | L14: =DB!I9 -> 0 | M14: =DB!J9 -> 0 | N14: =DB!N9 -> 購入 | O14: =DB!O9 -> 1 経営面積の３割又は４ha以上の拡大 | P14: =DB!AS9 -> ・全ての整備内容（導入予定の機械等）ごとに、 ①成果目標の達成に直結するものであり、導入した機械等を活用して目標年度までにどのように成果目標を達成していくのか ②予定する経営規模と比べて適切な規模であること（過剰な能力・規模の機械等でないこと） が分かるように記入してください。 | Q14: =DB!HN9 -> 1500000 | R14: =DB!HO9 -> 1000000 | S14: =DB!HP9 -> 500000 | T14: =DB!HQ9 -> 0 | U14: =DB!HR9 -> 0 | V14: =DB!P9 -> 0 | W14: =DB!Q9 -> 0 | X14: =DB!S9 -> 0 | Y14: =DB!T9 -> 0 | Z14: =DB!U9 -> 0 | AA14: =DB!V9 -> #DIV/0! | AB14: =DB!U9 -> 0 | AC14: =DB!X9 -> 0 | AD14: =DB!Y9 -> 0 | AE14: =DB!Z9 -> 0 | AF14: =DB!AA9 -> 0 | AG14: =DB!AB9 -> #DIV/0! | AH14: =DB!AC9 -> 0 | AI14: =IF(DB!AD9=TRUE,1,0) -> 0 | AJ14: =DB!AE9 -> #DIV/0! | AK14: =DB!AH9 -> #DIV/0! | AL14: =DB!AK9 -> #DIV/0! | AM14: =DB!AN9 -> #DIV/0! | AN14: =DB!AR9 -> #DIV/0! | AO14: =DB!AQ9 -> 0 | AP14: =DB!HU9 -> #DIV/0! | AQ14: =DB!HV9 -> #DIV/0! | AR14: =DB!HW9 | AS14: =DB!HX9 | AT14: =DB!HY9 | AU14: =DB!HZ9 | AV14: =DB!IA9 -> #DIV/0! | AW14: =DB!IB9 -> 1 | ... BF14: =DB!IK9 -> 1 | BI14: =SUM(AV14:BH14) -> #DIV/0! | BJ14: =DB!HS9 -> 336363.64 | BK14: =DB!HT9 -> 100700
B15: 千葉県 | C15: 八街市 | D15: 八街北地区（住野、文違、榎戸） | E15: =DB!A10 -> 1 | F15: =DB!B10 -> 0 | G15: =DB!D10 -> 0 | H15: =DB!E10 -> 1 認定農業者 | I15: =DB!F10 -> 0 | J15: =DB!G10 -> 1 法人 | K15: =DB!H10 -> 1 課税事業者（簡易課税事業者除く） | L15: =DB!I10 -> 0 | M15: =DB!J10 -> 0 | N15: =DB!N10 -> 購入 | O15: =DB!O10 -> 1 経営面積の３割又は４ha以上の拡大 | P15: =DB!AS10 -> ・全ての整備内容（導入予定の機械等）ごとに、 ①成果目標の達成に直結するものであり、導入した機械等を活用して目標年度までにどのように成果目標を達成していくのか ②予定する経営規模と比べて適切な規模であること（過剰な能力・規模の機械等でないこと） が分かるように記入してください。 | Q15: =DB!HN10 -> 1500000 | R15: =DB!HO10 -> 1000000 | S15: =DB!HP10 -> 500000 | T15: =DB!HQ10 -> 0 | U15: =DB!HR10 -> 0 | V15: =DB!P10 -> 0 | W15: =DB!Q10 -> 0 | X15: =DB!S10 -> 0 | Y15: =DB!T10 -> 0 | Z15: =DB!U10 -> 0 | AA15: =DB!V10 -> #DIV/0! | AB15: =DB!U10 -> 0 | AC15: =DB!X10 -> 0 | AD15: =DB!Y10 -> 0 | AE15: =DB!Z10 -> 0 | AF15: =DB!AA10 -> 0 | AG15: =DB!AB10 -> #DIV/0! | AH15: =DB!AC10 -> 0 | AI15: =IF(DB!AD10=TRUE,1,0) -> 0 | AJ15: =DB!AE10 -> #DIV/0! | AK15: =DB!AH10 -> #DIV/0! | AL15: =DB!AK10 -> #DIV/0! | AM15: =DB!AN10 -> #DIV/0! | AN15: =DB!AR10 -> #DIV/0! | AO15: =DB!AQ10 -> 0 | AP15: =DB!HU10 -> #DIV/0! | AQ15: =DB!HV10 -> #DIV/0! | AR15: =DB!HW10 | AS15: =DB!HX10 | AT15: =DB!HY10 | AU15: =DB!HZ10 | AV15: =DB!IA10 -> #DIV/0! | AW15: =DB!IB10 -> 1 | ... BF15: =DB!IK10 -> 1 | BI15: =SUM(AV15:BH15) -> #DIV/0! | BJ15: =DB!HS10 -> 336363.64 | BK15: =DB!HT10 -> 100700
B16: 合計 | Q16: =SUM(Q8:Q15) -> 12000000 | R16: =SUM(R8:R15) -> 8000000 | S16: =SUM(S8:S15) -> 4000000 | T16: =SUM(T8:T15) -> 0 | U16: =SUM(U8:U15) -> 0 | BJ16: =SUM(BJ8:BJ15) -> 2690909.1 | BK16: =SUM(BK8:BK15) -> 805600
B17: （注） | C17: １ 記入は、助成対象者ごとに記載する。
C18: ２ 「備考」欄には、消費税仕入控除税額を減額した場合には「除税額○○○円 うち国費○○○円」を、同税額がない場合には「該当なし」と、同税額が明らかでない場合には 「含税額」とそれぞれ記入する。
C19: ３ 担い手育成・確保等対策事業費補助金等交付要綱（平成12年４月１日12 構改Ｂ第350号農林水産事務次官依命通知）に定める交付申請書等に添付する場合は、支払経費ごとの内訳に 関する項目以外は、省略できるものとする。

Sheet DB
B1: 1 | C1: 2 | D1: 3 | E1: 4 | F1: 5 | G1: 6 | H1: 7 | I1: 8 | J1: 9 | K1: 10 | L1: 11 | M1: 12 | N1: 13 | O1: 14 | P1: 15 | Q1: 16 | R1: 17 | S1: 18 | T1: 19 | U1: 20 | V1: 21 | W1: 22 | X1: 23 | Y1: 24 | Z1: 25 | AA1: 26 | AB1: 27 | AC1: 28 | AD1: 29 | AE1: 30 | AF1: 31 | AG1: 32 | AH1: 33 | AI1: 34 | AJ1: 35 | AK1: 36 | AL1: 37 | AM1: 38 | AN1: 39 | AO1: 40 | AP1: 41 | AQ1: 42 | AR1: 43 | AS1: 44 | BA1: 45 | BB1: 45 | BC1: 45 | BD1: 45 | BE1: 45 | BF1: 45 | BG1: 45 | BH1: 45 | BI1: 45 | BJ1: 55 | BK1: 55 | BL1: 55 | BM1: 55 | BN1: 55 | BO1: 55 | BP1: 55 | BQ1: 55 | BR1: 46 | BS1: 46 | BT1: 46 | BU1: 46 | BV1: 46 | BW1: 46 | BX1: 46 | BY1: 46 | BZ1: 46 | CA1: 56 | CB1: 56 | CC1: 56 | CD1: 56 | CE1: 56 | CF1: 56 | CG1: 56 | CH1: 56 | CI1: 47 | CJ1: 47 | CK1: 47 | CL1: 47 | CM1: 47 | CN1: 47 | CO1: 47 | CP1: 47 | CQ1: 47 | CR1: 57 | CS1: 57 | CT1: 57 | CU1: 57 | CV1: 57 | CW1: 57 | CX1: 57 | CY1: 57 | CZ1: 48 | DA1: 48 | DB1: 48 | DC1: 48 | DD1: 48 | DE1: 48 | DF1: 48 | DG1: 48 | DH1: 58 | DI1: 58 | DJ1: 58 | DK1: 58 | DL1: 58 | DM1: 58 | DN1: 58 | DO1: 58 | DP1: 49 | DQ1: 49 | DR1: 49 | DS1: 49 | DT1: 49 | DU1: 49 | DV1: 49 | DW1: 49 | DX1: 49 | DY1: 59 | DZ1: 59 | EA1: 59 | EB1: 59 | EC1: 59 | ED1: 59 | EE1: 59 | EF1: 59 | EG1: 50 | EH1: 50 | EI1: 50 | EJ1: 50 | EK1: 50 | EL1: 50 | EM1: 50 | EN1: 50 | EO1: 50 | EP1: 60 | EQ1: 60 | ER1: 60 | ES1: 60 | ET1: 60 | EU1: 60 | EV1: 60 | EW1: 60 | EX1: 51 | EY1: 51 | EZ1: 51 | FA1: 51 | FB1: 51 | FC1: 51 | FD1: 51 | FE1: 51 | FF1: 51 | FG1: 61 | FH1: 61 | FI1: 61 | FJ1: 61 | FK1: 61 | FL1: 61 | FM1: 61 | FN1: 61 | FO1: 52 | FP1: 52 | FQ1: 52 | FR1: 52 | FS1: 52 | FT1: 52 | FU1: 52 | FV1: 52 | FW1: 52 | FX1: 62 | FY1: 62 | FZ1: 62 | GA1: 62 | GB1: 62 | GC1: 62 | GD1: 62 | GE1: 62 | GF1: 53 | GG1: 53 | GH1: 53 | GI1: 53 | GJ1: 53 | GK1: 53 | GL1: 53 | GM1: 53 | GN1: 53 | GO1: 63 | GP1: 63 | GQ1: 63 | GR1: 63 | GS1: 63 | GT1: 63 | GU1: 63 | GV1: 63 | GW1: 54 | GX1: 54 | GY1: 54 | GZ1: 54 | HA1: 54 | HB1: 54 | HC1: 54 | HD1: 54 | HE1: 54 | HF1: 64 | HG1: 64 | HH1: 64 | HI1: 64 | HJ1: 64 | HK1: 64 | HL1: 64 | HM1: 64 | HN1: 99 | HO1: 99 | HP1: 99 | HQ1: 99 | HR1: 99 | HS1: 99 | HT1: 99 | HU1: 63 | HV1: 64 | HW1: 65 | HX1: 66 | HY1: 67 | HZ1: 68 | IA1: 69 | IB1: 70 | IC1: 71 | ID1: 72 | IE1: 73 | IF1: 74 | IG1: 75 | IH1: 76 | II1: 77 | IJ1: 78 | IK1: 79 | IL1: 80 | IM1: 81
A2: 経営体No. | B2: 氏名（助成対象者） | C2: 住所 | D2: 代表者名（法人等の場合に記載） | E2: 地域計画の目標地図に位置付けられた者の区分 | F2: 営農類型区分 | G2: 法人・法人以外 | H2: 課税情報（消費税） | I2: 経営面積（現状） (ha) | J2: 付加価値額 （円） =収入総額－費用総額＋人件費 | K2: 収入総額 （円） | L2: 費用総額 （円） | M2: 人件費 （円） | N2: 購入またはリースの別 | O2: 成果目標 | P2: 拡大する作目 | Q2: 事業実施地区内での経営面積の現状(ha) | R2: うち拡大作目 | S2: １年度目の目標(ha) | T2: ２年度目の目標(ha) | U2: ３年度目の目標(ha) | V2: 拡大率(%) | W2: リース期間終了後の経営面積の相当程度の拡大目標 | X2: 付加価値額の現状（円） | Y2: １年度目の目標（円） | Z2: ２年度目の目標（円） | AA2: ３年度目の目標（円） | AB2: 拡大率(%) | AC2: 拡大額(円) | AD2: スマ農認定 | AE2: 労働生産性の現状 =付加価値額÷総労働時間又は労働人数 | AF2: 付加価値額の現状 | AG2: 総労働時間又は労働人数 | AH2: １年度目の目標 | AI2: １年度目の付加価値額 | AJ2: １年度目の総労働時間又は労働人数 | AK2: ２年度目の目標 | AL2: 2年度目の付加価値額 | AM2: 2年度目の総労働時間又は労働人数 | AN2: ３年度目の目標 | AO2: 3年度目の付加価値額 | AP2: 3年度目の総労働時間又は労働人数 | AQ2: 付加価値額の拡大額（円） | AR2: 向上率（%） | AS2: 成果目標との関係 | BA2: 整備内容 | BB2: 機械等名、規模、台数等 | BC2: 耐用年数 | BD2: 事業費（円） | BE2: 助成金（国費） | BF2: 自己資金 | BG2: 都道府県 | BH2: 市町村 | BI2: 備考 | BJ2: 規模決定根拠 | BK2: 機械等の保管・設置・施工場所 | BL2: 着工（契約）予定年月日 | BM2: 完了（納品等）予定年月日 | BN2: 被災に備えた措置 | BO2: 加入時期及び加入期間 | BP2: リース物件購入価格（税抜き） | BQ2: リース期間 | BR2: 整備内容 | BS2: 機械等名、規模、台数等 | BT2: 耐用年数 | BU2: 事業費（円） | BV2: 助成金（国費） | BW2: 自己資金 | BX2: 都道府県 | BY2: 市町村 | BZ2: 備考 | CA2: 規模決定根拠 | CB2: 機械等の保管・設置・施工場所 | CC2: 着工（契約）予定年月日 | CD2: 完了（納品等）予定年月日 | CE2: 被災に備えた措置 | CF2: 加入時期及び加入期間 | CG2: リース物件購入価格（税抜き） | CH2: リース期間 | CI2: 整備内容 | CJ2: 機械等名、規模、台数等 | CK2: 耐用年数 | CL2: 事業費（円） | CM2: 助成金（国費） | CN2: 自己資金 | CO2: 都道府県 | CP2: 市町村 | CQ2: 備考 | CR2: 規模決定根拠 | CS2: 機械等の保管・設置・施工場所 | CT2: 着工（契約）予定年月日 | CU2: 完了（納品等）予定年月日 | CV2: 被災に備えた措置 | CW2: 加入時期及び加入期間 | CX2: リース物件購入価格（税抜き） | CY2: リース期間 | CZ2: 整備内容 | DA2: 機械等名、規模、台数等 | DB2: 耐用年数 | DC2: 事業費（円） | DD2: 助成金（国費） | DE2: 自己資金 | DF2: 都道府県 | DG2: 市町村 | DH2: 規模決定根拠 | DI2: 機械等の保管・設置・施工場所 | DJ2: 着工（契約）予定年月日 | DK2: 完了（納品等）予定年月日 | DL2: 被災に備えた措置 | DM2: 加入時期及び加入期間 | DN2: リース物件購入価格（税抜き） | DO2: リース期間 | DP2: 整備内容 | DQ2: 機械等名、規模、台数等 | DR2: 耐用年数 | DS2: 事業費（円） | DT2: 助成金（国費） | DU2: 自己資金 | DV2: 都道府県 | DW2: 市町村 | DX2: 備考 | DY2: 規模決定根拠 | DZ2: 機械等の保管・設置・施工場所 | EA2: 着工（契約）予定年月日 | EB2: 完了（納品等）予定年月日 | EC2: 被災に備えた措置 | ED2: 加入時期及び加入期間 | EE2: リース物件購入価格（税抜き） | EF2: リース期間 | EG2: 整備内容 | EH2: 機械等名、規模、台数等 | EI2: 耐用年数 | EJ2: 事業費（円） | EK2: 助成金（国費） | EL2: 自己資金 | EM2: 都道府県 | EN2: 市町村 | EO2: 備考 | EP2: 規模決定根拠 | EQ2: 機械等の保管・設置・施工場所 | ER2: 着工（契約）予定年月日 | ES2: 完了（納品等）予定年月日 | ET2: 被災に備えた措置 | EU2: 加入時期及び加入期間 | EV2: リース物件購入価格（税抜き） | EW2: リース期間 | EX2: 整備内容 | EY2: 機械等名、規模、台数等 | EZ2: 耐用年数 | FA2: 事業費（円） | FB2: 助成金（国費） | FC2: 自己資金 | FD2: 都道府県 | FE2: 市町村 | FF2: 備考 | FG2: 規模決定根拠 | FH2: 機械等の保管・設置・施工場所 | FI2: 着工（契約）予定年月日 | FJ2: 完了（納品等）予定年月日 | FK2: 被災に備えた措置 | FL2: 加入時期及び加入期間 | FM2: リース物件購入価格（税抜き） | FN2: リース期間 | FO2: 整備内容 | FP2: 機械等名、規模、台数等 | FQ2: 耐用年数 | FR2: 事業費（円） | FS2: 助成金（国費） | FT2: 自己資金 | FU2: 都道府県 | FV2: 市町村 | FW2: 備考 | FX2: 規模決定根拠 | FY2: 機械等の保管・設置・施工場所 | FZ2: 着工（契約）予定年月日 | GA2: 完了（納品等）予定年月日 | GB2: 被災に備えた措置 | GC2: 加入時期及び加入期間 | GD2: リース物件購入価格（税抜き） | GE2: リース期間 | GF2: 整備内容 | GG2: 機械等名、規模、台数等 | GH2: 耐用年数 | GI2: 事業費（円） | GJ2: 助成金（国費） | GK2: 自己資金 | GL2: 都道府県 | GM2: 市町村 | GN2: 備考 | GO2: 規模決定根拠 | GP2: 機械等の保管・設置・施工場所 | GQ2: 着工（契約）予定年月日 | GR2: 完了（納品等）予定年月日 | GS2: 被災に備えた措置 | GT2: 加入時期及び加入期間 | GU2: リース物件購入価格（税抜き） | GV2: リース期間 | GW2: 整備内容 | GX2: 機械等名、規模、台数等 | GY2: 耐用年数 | GZ2: 事業費（円） | HA2: 助成金（国費） | HB2: 自己資金 | HC2: 都道府県 | HD2: 市町村 | HE2: 備考 | HF2: 規模決定根拠 | HG2: 機械等の保管・設置・施工場所 | HH2: 着工（契約）予定年月日 | HI2: 完了（納品等）予定年月日 | HJ2: 被災に備えた措置 | HK2: 加入時期及び加入期間 | HL2: リース物件購入価格（税抜き） | HM2: リース期間 | HN2: 事業費（円） | HO2: 助成金（国費） | HP2: 自己資金 | HQ2: 都道府県 | HR2: 市町村 | HS2: 備考除税額 | HT2: 備考うち国費 | HU2: 拡大面積 | HV2: 面積拡大率 | HW2: 付加価値拡大率 | HX2: 拡大額 | HY2: 労働生産性 | HZ2: 拡大額 | IA2: 成果目標ポイント | IB2: GAP | IC2: 青色申告 | ID2: BCP | IE2: みどり | IF2: 輸出計画 | IG2: フラッグシップ産地 | IH2: 女性 | II2: 労働保険 | IJ2: 社会保険 | IK2: 労働時間 | IL2: 取組計 | IM2: ポイント合計
A3: 1 | B3: 0 | C3: 0 | D3: 0 | E3: 1 認定農業者 | F3: 0 | G3: 1 法人 | H3: 1 課税事業者（簡易課税事業者除く） | I3: 0 | J3: 0 | K3: 0 | L3: 0 | M3: 0 | N3: 購入 | O3: 1 経営面積の３割又は４ha以上の拡大 | P3: 0 | Q3: 0 | R3: 0 | S3: 0 | T3: 0 | U3: 0 | V3: #DIV/0! | W3: 0 | X3: 0 | Y3: 0 | Z3: 0 | AA3: 0 | AB3: #DIV/0! | AC3: 0 | AD3: FALSE | AE3: #DIV/0! | AF3: 0 | AG3: 0 | AH3: #DIV/0! | AI3: 0 | AJ3: 0 | AK3: #DIV/0! | AL3: 0 | AM3: 0 | AN3: #DIV/0! | AO3: 0 | AP3: 0 | AQ3: 0 | AR3: #DIV/0! | AS3: ・全ての整備内容（導入予定の機械等）ごとに、 ①成果目標の達成に直結するものであり、導入した機械等を活用して目標年度までにどのように成果目標を達成していくのか ②予定する経営規模と比べて適切な規模であること（過剰な能力・規模の機械等でないこと） が分かるように記入してください。 | AT3: 0 | AU3: 0 | AV3: 0 | AW3: 0 | AX3: 0 | AY3: 0 | AZ3: 0 | BA3: 0 | BB3: 0 | BC3: 0 | BD3: 1000000 | BE3: 272000 | BF3: 0 | BG3: 0 | BH3: 0 | BI3: 27200 | BJ3: 0 | BK3: 0 | BL3: 46235 | BM3: 46245 | BN3: 1 園芸施設共済 | BO3: 46266 | BP3: 0 | BQ3: 2 | BR3: 0 | BS3: 0 | BT3: 0 | BU3: 2000000 | BV3: 545000 | BW3: 0 | BX3: 0 | BY3: 0 | BZ3: 181818.18 | CA3: 0 | CB3: 0 | CC3: 0 | CD3: 0 | CE3: 0 | CF3: 0 | CG3: 0 | CH3: 1.8 | CI3: 0 | CJ3: 0 | CK3: 0 | CL3: 700000 | CM3: 190000 | CN3: 0 | CO3: 0 | CP3: 0 | CQ3: 63636.364 | CR3: 0 | CS3: 0 | CT3: 0 | CU3: 0 | CV3: 0 | CW3: 0 | CX3: 0 | CY3: 3 | CZ3: 0 | DA3: 0 | DB3: 0 | DC3: 0 | DD3: ←事業費50万円以上が対象 | DE3: 0 | DF3: 0 | DG3: 0 | DH3: 0 | DI3: 0 | DJ3: 0 | DK3: 0 | DL3: 0 | DM3: 0 | DN3: 0 | DO3: 0 | DP3: 0 | DQ3: 0 | DR3: 0 | DS3: 0 | DT3: ←事業費50万円以上が対象 | DU3: 0 | DV3: 0 | DW3: 0 | DY3: 0 | DZ3: 0 | EA3: 0 | EB3: 0 | EC3: 0 | ED3: 0 | EE3: 0 | EF3: 0 | EG3: 0 | EH3: 0 | EI3: 0 | EJ3: 0 | EK3: ←事業費50万円以上が対象 | EL3: 0 | EM3: 0 | EN3: 0 | EP3: 0 | EQ3: 0 | ER3: 0 | ES3: 0 | ET3: 0 | EU3: 0 | EV3: 0 | EW3: 0 | EX3: 0 | EY3: 0 | EZ3: 0 | FA3: 0 | FB3: ←事業費50万円以上が対象 | FC3: 0 | FD3: 0 | FE3: 0 | FG3: 0 | FH3: 0 | FI3: 0 | FJ3: 0 | FK3: 0 | FL3: 0 | FM3: 0 | FN3: 0 | FO3: 0 | FP3: 0 | FQ3: 0 | FR3: 0 | FS3: ←事業費50万円以上が対象 | FT3: 0 | FU3: 0 | FV3: 0 | FX3: 0 | FY3: 0 | FZ3: 0 | GA3: 0 | GB3: 0 | GC3: 0 | GD3: 0 | GE3: 0 | GF3: 0 | GG3: 0 | GH3: 0 | GI3: 0 | GJ3: ←事業費50万円以上が対象 | GK3: 0 | GL3: 0 | GM3: 0 | GO3: 0 | GP3: 0 | GQ3: 0 | GR3: 0 | GS3: 0 | GT3: 0 | GU3: 0 | GV3: 0 | GW3: 0 | GX3: 0 | GY3: 0 | GZ3: 0 | HA3: ←事業費50万円以上が対象 | HB3: 0 | HC3: 0 | HD3: 0 | HF3: 0 | HG3: 0 | HH3: 0 | HI3: 0 | HJ3: 0 | HK3: 0 | HL3: 0 | HM3: 0 | HN3: =SUM(HO3:HR3) -> 1500000 | HO3: 1000000 | HP3: 500000 | HQ3: 0 | HR3: 0 | HS3: 336363.64 | HT3: 100700 | HU3: #DIV/0! | HV3: #DIV/0! | IA3: #DIV/0! | IB3: 1 | IC3: 1 | ID3: 1 | IE3: 3 | IF3: 1 | IG3: 2 | IH3: 3 | II3: 1 | IJ3: 1 | IK3: 1 | IL3: 15 | IM3: #DIV/0!
A4: 1 | B4: 0 | C4: 0 | D4: 0 | E4: 1 認定農業者 | F4: 0 | G4: 1 法人 | H4: 1 課税事業者（簡易課税事業者除く） | I4: 0 | J4: 0 | K4: 0 | L4: 0 | M4: 0 | N4: 購入 | O4: 1 経営面積の３割又は４ha以上の拡大 | P4: 0 | Q4: 0 | R4: 0 | S4: 0 | T4: 0 | U4: 0 | V4: #DIV/0! | W4: 0 | X4: 0 | Y4: 0 | Z4: 0 | AA4: 0 | AB4: #DIV/0! | AC4: 0 | AD4: FALSE | AE4: #DIV/0! | AF4: 0 | AG4: 0 | AH4: #DIV/0! | AI4: 0 | AJ4: 0 | AK4: #DIV/0! | AL4: 0 | AM4: 0 | AN4: #DIV/0! | AO4: 0 | AP4: 0 | AQ4: 0 | AR4: #DIV/0! | AS4: ・全ての整備内容（導入予定の機械等）ごとに、 ①成果目標の達成に直結するものであり、導入した機械等を活用して目標年度までにどのように成果目標を達成していくのか ②予定する経営規模と比べて適切な規模であること（過剰な能力・規模の機械等でないこと） が分かるように記入してください。 | AT4: 0 | AU4: 0 | AV4: 0 | AW4: 0 | AX4: 0 | AY4: 0 | AZ4: 0 | BA4: 0 | BB4: 0 | BC4: 0 | BD4: 1000000 | BE4: 272000 | BF4: 0 | BG4: 0 | BH4: 0 | BI4: 27200 | BJ4: 0 | BK4: 0 | BL4: 46235 | BM4: 46245 | BN4: 1 園芸施設共済 | BO4: 46266 | BP4: 0 | BQ4: 2 | BR4: 0 | BS4: 0 | BT4: 0 | BU4: 2000000 | BV4: 545000 | BW4: 0 | BX4: 0 | BY4: 0 | BZ4: 181818.18 | CA4: 0 | CB4: 0 | CC4: 0 | CD4: 0 | CE4: 0 | CF4: 0 | CG4: 0 | CH4: 1.8 | CI4: 0 | CJ4: 0 | CK4: 0 | CL4: 700000 | CM4: 190000 | CN4: 0 | CO4: 0 | CP4: 0 | CQ4: 63636.364 | CR4: 0 | CS4: 0 | CT4: 0 | CU4: 0 | CV4: 0 | CW4: 0 | CX4: 0 | CY4: 3 | CZ4: 0 | DA4: 0 | DB4: 0 | DC4: 0 | DD4: ←事業費50万円以上が対象 | DE4: 0 | DF4: 0 | DG4: 0 | DH4: 0 | DI4: 0 | DJ4: 0 | DK4: 0 | DL4: 0 | DM4: 0 | DN4: 0 | DO4: 0 | DP4: 0 | DQ4: 0 | DR4: 0 | DS4: 0 | DT4: ←事業費50万円以上が対象 | DU4: 0 | DV4: 0 | DW4: 0 | DY4: 0 | DZ4: 0 | EA4: 0 | EB4: 0 | EC4: 0 | ED4: 0 | EE4: 0 | EF4: 0 | EG4: 0 | EH4: 0 | EI4: 0 | EJ4: 0 | EK4: ←事業費50万円以上が対象 | EL4: 0 | EM4: 0 | EN4: 0 | EP4: 0 | EQ4: 0 | ER4: 0 | ES4: 0 | ET4: 0 | EU4: 0 | EV4: 0 | EW4: 0 | EX4: 0 | EY4: 0 | EZ4: 0 | FA4: 0 | FB4: ←事業費50万円以上が対象 | FC4: 0 | FD4: 0 | FE4: 0 | FG4: 0 | FH4: 0 | FI4: 0 | FJ4: 0 | FK4: 0 | FL4: 0 | FM4: 0 | FN4: 0 | FO4: 0 | FP4: 0 | FQ4: 0 | FR4: 0 | FS4: ←事業費50万円以上が対象 | FT4: 0 | FU4: 0 | FV4: 0 | FX4: 0 | FY4: 0 | FZ4: 0 | GA4: 0 | GB4: 0 | GC4: 0 | GD4: 0 | GE4: 0 | GF4: 0 | GG4: 0 | GH4: 0 | GI4: 0 | GJ4: ←事業費50万円以上が対象 | GK4: 0 | GL4: 0 | GM4: 0 | GO4: 0 | GP4: 0 | GQ4: 0 | GR4: 0 | GS4: 0 | GT4: 0 | GU4: 0 | GV4: 0 | GW4: 0 | GX4: 0 | GY4: 0 | GZ4: 0 | HA4: ←事業費50万円以上が対象 | HB4: 0 | HC4: 0 | HD4: 0 | HF4: 0 | HG4: 0 | HH4: 0 | HI4: 0 | HJ4: 0 | HK4: 0 | HL4: 0 | HM4: 0 | HN4: =SUM(HO4:HR4) -> 1500000 | HO4: 1000000 | HP4: 500000 | HQ4: 0 | HR4: 0 | HS4: 336363.64 | HT4: 100700 | HU4: #DIV/0! | HV4: #DIV/0! | IA4: #DIV/0! | IB4: 1 | IC4: 1 | ID4: 1 | IE4: 3 | IF4: 1 | IG4: 2 | IH4: 3 | II4: 1 | IJ4: 1 | IK4: 1 | IL4: 15 | IM4: #DIV/0!
A5: 1 | B5: 0 | C5: 0 | D5: 0 | E5: 1 認定農業者 | F5: 0 | G5: 1 法人 | H5: 1 課税事業者（簡易課税事業者除く） | I5: 0 | J5: 0 | K5: 0 | L5: 0 | M5: 0 | N5: 購入 | O5: 1 経営面積の３割又は４ha以上の拡大 | P5: 0 | Q5: 0 | R5: 0 | S5: 0 | T5: 0 | U5: 0 | V5: #DIV/0! | W5: 0 | X5: 0 | Y5: 0 | Z5: 0 | AA5: 0 | AB5: #DIV/0! | AC5: 0 | AD5: FALSE | AE5: #DIV/0! | AF5: 0 | AG5: 0 | AH5: #DIV/0! | AI5: 0 | AJ5: 0 | AK5: #DIV/0! | AL5: 0 | AM5: 0 | AN5: #DIV/0! | AO5: 0 | AP5: 0 | AQ5: 0 | AR5: #DIV/0! | AS5: ・全ての整備内容（導入予定の機械等）ごとに、 ①成果目標の達成に直結するものであり、導入した機械等を活用して目標年度までにどのように成果目標を達成していくのか ②予定する経営規模と比べて適切な規模であること（過剰な能力・規模の機械等でないこと） が分かるように記入してください。 | AT5: 0 | AU5: 0 | AV5: 0 | AW5: 0 | AX5: 0 | AY5: 0 | AZ5: 0 | BA5: 0 | BB5: 0 | BC5: 0 | BD5: 1000000 | BE5: 272000 | BF5: 0 | BG5: 0 | BH5: 0 | BI5: 27200 | BJ5: 0 | BK5: 0 | BL5: 46235 | BM5: 46245 | BN5: 1 園芸施設共済 | BO5: 46266 | BP5: 0 | BQ5: 2 | BR5: 0 | BS5: 0 | BT5: 0 | BU5: 2000000 | BV5: 545000 | BW5: 0 | BX5: 0 | BY5: 0 | BZ5: 181818.18 | CA5: 0 | CB5: 0 | CC5: 0 | CD5: 0 | CE5: 0 | CF5: 0 | CG5: 0 | CH5: 1.8 | CI5: 0 | CJ5: 0 | CK5: 0 | CL5: 700000 | CM5: 190000 | CN5: 0 | CO5: 0 | CP5: 0 | CQ5: 63636.364 | CR5: 0 | CS5: 0 | CT5: 0 | CU5: 0 | CV5: 0 | CW5: 0 | CX5: 0 | CY5: 3 | CZ5: 0 | DA5: 0 | DB5: 0 | DC5: 0 | DD5: ←事業費50万円以上が対象 | DE5: 0 | DF5: 0 | DG5: 0 | DH5: 0 | DI5: 0 | DJ5: 0 | DK5: 0 | DL5: 0 | DM5: 0 | DN5: 0 | DO5: 0 | DP5: 0 | DQ5: 0 | DR5: 0 | DS5: 0 | DT5: ←事業費50万円以上が対象 | DU5: 0 | DV5: 0 | DW5: 0 | DY5: 0 | DZ5: 0 | EA5: 0 | EB5: 0 | EC5: 0 | ED5: 0 | EE5: 0 | EF5: 0 | EG5: 0 | EH5: 0 | EI5: 0 | EJ5: 0 | EK5: ←事業費50万円以上が対象 | EL5: 0 | EM5: 0 | EN5: 0 | EP5: 0 | EQ5: 0 | ER5: 0 | ES5: 0 | ET5: 0 | EU5: 0 | EV5: 0 | EW5: 0 | EX5: 0 | EY5: 0 | EZ5: 0 | FA5: 0 | FB5: ←事業費50万円以上が対象 | FC5: 0 | FD5: 0 | FE5: 0 | FG5: 0 | FH5: 0 | FI5: 0 | FJ5: 0 | FK5: 0 | FL5: 0 | FM5: 0 | FN5: 0 | FO5: 0 | FP5: 0 | FQ5: 0 | FR5: 0 | FS5: ←事業費50万円以上が対象 | FT5: 0 | FU5: 0 | FV5: 0 | FX5: 0 | FY5: 0 | FZ5: 0 | GA5: 0 | GB5: 0 | GC5: 0 | GD5: 0 | GE5: 0 | GF5: 0 | GG5: 0 | GH5: 0 | GI5: 0 | GJ5: ←事業費50万円以上が対象 | GK5: 0 | GL5: 0 | GM5: 0 | GO5: 0 | GP5: 0 | GQ5: 0 | GR5: 0 | GS5: 0 | GT5: 0 | GU5: 0 | GV5: 0 | GW5: 0 | GX5: 0 | GY5: 0 | GZ5: 0 | HA5: ←事業費50万円以上が対象 | HB5: 0 | HC5: 0 | HD5: 0 | HF5: 0 | HG5: 0 | HH5: 0 | HI5: 0 | HJ5: 0 | HK5: 0 | HL5: 0 | HM5: 0 | HN5: =SUM(HO5:HR5) -> 1500000 | HO5: 1000000 | HP5: 500000 | HQ5: 0 | HR5: 0 | HS5: 336363.64 | HT5: 100700 | HU5: #DIV/0! | HV5: #DIV/0! | IA5: #DIV/0! | IB5: 1 | IC5: 1 | ID5: 1 | IE5: 3 | IF5: 1 | IG5: 2 | IH5: 3 | II5: 1 | IJ5: 1 | IK5: 1 | IL5: 15 | IM5: #DIV/0!
A6: 1 | B6: 0 | C6: 0 | D6: 0 | E6: 1 認定農業者 | F6: 0 | G6: 1 法人 | H6: 1 課税事業者（簡易課税事業者除く） | I6: 0 | J6: 0 | K6: 0 | L6: 0 | M6: 0 | N6: 購入 | O6: 1 経営面積の３割又は４ha以上の拡大 | P6: 0 | Q6: 0 | R6: 0 | S6: 0 | T6: 0 | U6: 0 | V6: #DIV/0! | W6: 0 | X6: 0 | Y6: 0 | Z6: 0 | AA6: 0 | AB6: #DIV/0! | AC6: 0 | AD6: FALSE | AE6: #DIV/0! | AF6: 0 | AG6: 0 | AH6: #DIV/0! | AI6: 0 | AJ6: 0 | AK6: #DIV/0! | AL6: 0 | AM6: 0 | AN6: #DIV/0! | AO6: 0 | AP6: 0 | AQ6: 0 | AR6: #DIV/0! | AS6: ・全ての整備内容（導入予定の機械等）ごとに、 ①成果目標の達成に直結するものであり、導入した機械等を活用して目標年度までにどのように成果目標を達成していくのか ②予定する経営規模と比べて適切な規模であること（過剰な能力・規模の機械等でないこと） が分かるように記入してください。 | AT6: 0 | AU6: 0 | AV6: 0 | AW6: 0 | AX6: 0 | AY6: 0 | AZ6: 0 | BA6: 0 | BB6: 0 | BC6: 0 | BD6: 1000000 | BE6: 272000 | BF6: 0 | BG6: 0 | BH6: 0 | BI6: 27200 | BJ6: 0 | BK6: 0 | BL6: 46235 | BM6: 46245 | BN6: 1 園芸施設共済 | BO6: 46266 | BP6: 0 | BQ6: 2 | BR6: 0 | BS6: 0 | BT6: 0 | BU6: 2000000 | BV6: 545000 | BW6: 0 | BX6: 0 | BY6: 0 | BZ6: 181818.18 | CA6: 0 | CB6: 0 | CC6: 0 | CD6: 0 | CE6: 0 | CF6: 0 | CG6: 0 | CH6: 1.8 | CI6: 0 | CJ6: 0 | CK6: 0 | CL6: 700000 | CM6: 190000 | CN6: 0 | CO6: 0 | CP6: 0 | CQ6: 63636.364 | CR6: 0 | CS6: 0 | CT6: 0 | CU6: 0 | CV6: 0 | CW6: 0 | CX6: 0 | CY6: 3 | CZ6: 0 | DA6: 0 | DB6: 0 | DC6: 0 | DD6: ←事業費50万円以上が対象 | DE6: 0 | DF6: 0 | DG6: 0 | DH6: 0 | DI6: 0 | DJ6: 0 | DK6: 0 | DL6: 0 | DM6: 0 | DN6: 0 | DO6: 0 | DP6: 0 | DQ6: 0 | DR6: 0 | DS6: 0 | DT6: ←事業費50万円以上が対象 | DU6: 0 | DV6: 0 | DW6: 0 | DY6: 0 | DZ6: 0 | EA6: 0 | EB6: 0 | EC6: 0 | ED6: 0 | EE6: 0 | EF6: 0 | EG6: 0 | EH6: 0 | EI6: 0 | EJ6: 0 | EK6: ←事業費50万円以上が対象 | EL6: 0 | EM6: 0 | EN6: 0 | EP6: 0 | EQ6: 0 | ER6: 0 | ES6: 0 | ET6: 0 | EU6: 0 | EV6: 0 | EW6: 0 | EX6: 0 | EY6: 0 | EZ6: 0 | FA6: 0 | FB6: ←事業費50万円以上が対象 | FC6: 0 | FD6: 0 | FE6: 0 | FG6: 0 | FH6: 0 | FI6: 0 | FJ6: 0 | FK6: 0 | FL6: 0 | FM6: 0 | FN6: 0 | FO6: 0 | FP6: 0 | FQ6: 0 | FR6: 0 | FS6: ←事業費50万円以上が対象 | FT6: 0 | FU6: 0 | FV6: 0 | FX6: 0 | FY6: 0 | FZ6: 0 | GA6: 0 | GB6: 0 | GC6: 0 | GD6: 0 | GE6: 0 | GF6: 0 | GG6: 0 | GH6: 0 | GI6: 0 | GJ6: ←事業費50万円以上が対象 | GK6: 0 | GL6: 0 | GM6: 0 | GO6: 0 | GP6: 0 | GQ6: 0 | GR6: 0 | GS6: 0 | GT6: 0 | GU6: 0 | GV6: 0 | GW6: 0 | GX6: 0 | GY6: 0 | GZ6: 0 | HA6: ←事業費50万円以上が対象 | HB6: 0 | HC6: 0 | HD6: 0 | HF6: 0 | HG6: 0 | HH6: 0 | HI6: 0 | HJ6: 0 | HK6: 0 | HL6: 0 | HM6: 0 | HN6: =SUM(HO6:HR6) -> 1500000 | HO6: 1000000 | HP6: 500000 | HQ6: 0 | HR6: 0 | HS6: 336363.64 | HT6: 100700 | HU6: #DIV/0! | HV6: #DIV/0! | IA6: #DIV/0! | IB6: 1 | IC6: 1 | ID6: 1 | IE6: 3 | IF6: 1 | IG6: 2 | IH6: 3 | II6: 1 | IJ6: 1 | IK6: 1 | IL6: 15 | IM6: #DIV/0!
A7: 1 | B7: 0 | C7: 0 | D7: 0 | E7: 1 認定農業者 | F7: 0 | G7: 1 法人 | H7: 1 課税事業者（簡易課税事業者除く） | I7: 0 | J7: 0 | K7: 0 | L7: 0 | M7: 0 | N7: 購入 | O7: 1 経営面積の３割又は４ha以上の拡大 | P7: 0 | Q7: 0 | R7: 0 | S7: 0 | T7: 0 | U7: 0 | V7: #DIV/0! | W7: 0 | X7: 0 | Y7: 0 | Z7: 0 | AA7: 0 | AB7: #DIV/0! | AC7: 0 | AD7: FALSE | AE7: #DIV/0! | AF7: 0 | AG7: 0 | AH7: #DIV/0! | AI7: 0 | AJ7: 0 | AK7: #DIV/0! | AL7: 0 | AM7: 0 | AN7: #DIV/0! | AO7: 0 | AP7: 0 | AQ7: 0 | AR7: #DIV/0! | AS7: ・全ての整備内容（導入予定の機械等）ごとに、 ①成果目標の達成に直結するものであり、導入した機械等を活用して目標年度までにどのように成果目標を達成していくのか ②予定する経営規模と比べて適切な規模であること（過剰な能力・規模の機械等でないこと） が分かるように記入してください。 | AT7: 0 | AU7: 0 | AV7: 0 | AW7: 0 | AX7: 0 | AY7: 0 | AZ7: 0 | BA7: 0 | BB7: 0 | BC7: 0 | BD7: 1000000 | BE7: 272000 | BF7: 0 | BG7: 0 | BH7: 0 | BI7: 27200 | BJ7: 0 | BK7: 0 | BL7: 46235 | BM7: 46245 | BN7: 1 園芸施設共済 | BO7: 46266 | BP7: 0 | BQ7: 2 | BR7: 0 | BS7: 0 | BT7: 0 | BU7: 2000000 | BV7: 545000 | BW7: 0 | BX7: 0 | BY7: 0 | BZ7: 181818.18 | CA7: 0 | CB7: 0 | CC7: 0 | CD7: 0 | CE7: 0 | CF7: 0 | CG7: 0 | CH7: 1.8 | CI7: 0 | CJ7: 0 | CK7: 0 | CL7: 700000 | CM7: 190000 | CN7: 0 | CO7: 0 | CP7: 0 | CQ7: 63636.364 | CR7: 0 | CS7: 0 | CT7: 0 | CU7: 0 | CV7: 0 | CW7: 0 | CX7: 0 | CY7: 3 | CZ7: 0 | DA7: 0 | DB7: 0 | DC7: 0 | DD7: ←事業費50万円以上が対象 | DE7: 0 | DF7: 0 | DG7: 0 | DH7: 0 | DI7: 0 | DJ7: 0 | DK7: 0 | DL7: 0 | DM7: 0 | DN7: 0 | DO7: 0 | DP7: 0 | DQ7: 0 | DR7: 0 | DS7: 0 | DT7: ←事業費50万円以上が対象 | DU7: 0 | DV7: 0 | DW7: 0 | DY7: 0 | DZ7: 0 | EA7: 0 | EB7: 0 | EC7: 0 | ED7: 0 | EE7: 0 | EF7: 0 | EG7: 0 | EH7: 0 | EI7: 0 | EJ7: 0 | EK7: ←事業費50万円以上が対象 | EL7: 0 | EM7: 0 | EN7: 0 | EP7: 0 | EQ7: 0 | ER7: 0 | ES7: 0 | ET7: 0 | EU7: 0 | EV7: 0 | EW7: 0 | EX7: 0 | EY7: 0 | EZ7: 0 | FA7: 0 | FB7: ←事業費50万円以上が対象 | FC7: 0 | FD7: 0 | FE7: 0 | FG7: 0 | FH7: 0 | FI7: 0 | FJ7: 0 | FK7: 0 | FL7: 0 | FM7: 0 | FN7: 0 | FO7: 0 | FP7: 0 | FQ7: 0 | FR7: 0 | FS7: ←事業費50万円以上が対象 | FT7: 0 | FU7: 0 | FV7: 0 | FX7: 0 | FY7: 0 | FZ7: 0 | GA7: 0 | GB7: 0 | GC7: 0 | GD7: 0 | GE7: 0 | GF7: 0 | GG7: 0 | GH7: 0 | GI7: 0 | GJ7: ←事業費50万円以上が対象 | GK7: 0 | GL7: 0 | GM7: 0 | GO7: 0 | GP7: 0 | GQ7: 0 | GR7: 0 | GS7: 0 | GT7: 0 | GU7: 0 | GV7: 0 | GW7: 0 | GX7: 0 | GY7: 0 | GZ7: 0 | HA7: ←事業費50万円以上が対象 | HB7: 0 | HC7: 0 | HD7: 0 | HF7: 0 | HG7: 0 | HH7: 0 | HI7: 0 | HJ7: 0 | HK7: 0 | HL7: 0 | HM7: 0 | HN7: =SUM(HO7:HR7) -> 1500000 | HO7: 1000000 | HP7: 500000 | HQ7: 0 | HR7: 0 | HS7: 336363.64 | HT7: 100700 | HU7: #DIV/0! | HV7: #DIV/0! | IA7: #DIV/0! | IB7: 1 | IC7: 1 | ID7: 1 | IE7: 3 | IF7: 1 | IG7: 2 | IH7: 3 | II7: 1 | IJ7: 1 | IK7: 1 | IL7: 15 | IM7: #DIV/0!
A8: 1 | B8: 0 | C8: 0 | D8: 0 | E8: 1 認定農業者 | F8: 0 | G8: 1 法人 | H8: 1 課税事業者（簡易課税事業者除く） | I8: 0 | J8: 0 | K8: 0 | L8: 0 | M8: 0 | N8: 購入 | O8: 1 経営面積の３割又は４ha以上の拡大 | P8: 0 | Q8: 0 | R8: 0 | S8: 0 | T8: 0 | U8: 0 | V8: #DIV/0! | W8: 0 | X8: 0 | Y8: 0 | Z8: 0 | AA8: 0 | AB8: #DIV/0! | AC8: 0 | AD8: FALSE | AE8: #DIV/0! | AF8: 0 | AG8: 0 | AH8: #DIV/0! | AI8: 0 | AJ8: 0 | AK8: #DIV/0! | AL8: 0 | AM8: 0 | AN8: #DIV/0! | AO8: 0 | AP8: 0 | AQ8: 0 | AR8: #DIV/0! | AS8: ・全ての整備内容（導入予定の機械等）ごとに、 ①成果目標の達成に直結するものであり、導入した機械等を活用して目標年度までにどのように成果目標を達成していくのか ②予定する経営規模と比べて適切な規模であること（過剰な能力・規模の機械等でないこと） が分かるように記入してください。 | AT8: 0 | AU8: 0 | AV8: 0 | AW8: 0 | AX8: 0 | AY8: 0 | AZ8: 0 | BA8: 0 | BB8: 0 | BC8: 0 | BD8: 1000000 | BE8: 272000 | BF8: 0 | BG8: 0 | BH8: 0 | BI8: 27200 | BJ8: 0 | BK8: 0 | BL8: 46235 | BM8: 46245 | BN8: 1 園芸施設共済 | BO8: 46266 | BP8: 0 | BQ8: 2 | BR8: 0 | BS8: 0 | BT8: 0 | BU8: 2000000 | BV8: 545000 | BW8: 0 | BX8: 0 | BY8: 0 | BZ8: 181818.18 | CA8: 0 | CB8: 0 | CC8: 0 | CD8: 0 | CE8: 0 | CF8: 0 | CG8: 0 | CH8: 1.8 | CI8: 0 | CJ8: 0 | CK8: 0 | CL8: 700000 | CM8: 190000 | CN8: 0 | CO8: 0 | CP8: 0 | CQ8: 63636.364 | CR8: 0 | CS8: 0 | CT8: 0 | CU8: 0 | CV8: 0 | CW8: 0 | CX8: 0 | CY8: 3 | CZ8: 0 | DA8: 0 | DB8: 0 | DC8: 0 | DD8: ←事業費50万円以上が対象 | DE8: 0 | DF8: 0 | DG8: 0 | DH8: 0 | DI8: 0 | DJ8: 0 | DK8: 0 | DL8: 0 | DM8: 0 | DN8: 0 | DO8: 0 | DP8: 0 | DQ8: 0 | DR8: 0 | DS8: 0 | DT8: ←事業費50万円以上が対象 | DU8: 0 | DV8: 0 | DW8: 0 | DY8: 0 | DZ8: 0 | EA8: 0 | EB8: 0 | EC8: 0 | ED8: 0 | EE8: 0 | EF8: 0 | EG8: 0 | EH8: 0 | EI8: 0 | EJ8: 0 | EK8: ←事業費50万円以上が対象 | EL8: 0 | EM8: 0 | EN8: 0 | EP8: 0 | EQ8: 0 | ER8: 0 | ES8: 0 | ET8: 0 | EU8: 0 | EV8: 0 | EW8: 0 | EX8: 0 | EY8: 0 | EZ8: 0 | FA8: 0 | FB8: ←事業費50万円以上が対象 | FC8: 0 | FD8: 0 | FE8: 0 | FG8: 0 | FH8: 0 | FI8: 0 | FJ8: 0 | FK8: 0 | FL8: 0 | FM8: 0 | FN8: 0 | FO8: 0 | FP8: 0 | FQ8: 0 | FR8: 0 | FS8: ←事業費50万円以上が対象 | FT8: 0 | FU8: 0 | FV8: 0 | FX8: 0 | FY8: 0 | FZ8: 0 | GA8: 0 | GB8: 0 | GC8: 0 | GD8: 0 | GE8: 0 | GF8: 0 | GG8: 0 | GH8: 0 | GI8: 0 | GJ8: ←事業費50万円以上が対象 | GK8: 0 | GL8: 0 | GM8: 0 | GO8: 0 | GP8: 0 | GQ8: 0 | GR8: 0 | GS8: 0 | GT8: 0 | GU8: 0 | GV8: 0 | GW8: 0 | GX8: 0 | GY8: 0 | GZ8: 0 | HA8: ←事業費50万円以上が対象 | HB8: 0 | HC8: 0 | HD8: 0 | HF8: 0 | HG8: 0 | HH8: 0 | HI8: 0 | HJ8: 0 | HK8: 0 | HL8: 0 | HM8: 0 | HN8: =SUM(HO8:HR8) -> 1500000 | HO8: 1000000 | HP8: 500000 | HQ8: 0 | HR8: 0 | HS8: 336363.64 | HT8: 100700 | HU8: #DIV/0! | HV8: #DIV/0! | IA8: #DIV/0! | IB8: 1 | IC8: 1 | ID8: 1 | IE8: 3 | IF8: 1 | IG8: 2 | IH8: 3 | II8: 1 | IJ8: 1 | IK8: 1 | IL8: 15 | IM8: #DIV/0!
A9: 1 | B9: 0 | C9: 0 | D9: 0 | E9: 1 認定農業者 | F9: 0 | G9: 1 法人 | H9: 1 課税事業者（簡易課税事業者除く） | I9: 0 | J9: 0 | K9: 0 | L9: 0 | M9: 0 | N9: 購入 | O9: 1 経営面積の３割又は４ha以上の拡大 | P9: 0 | Q9: 0 | R9: 0 | S9: 0 | T9: 0 | U9: 0 | V9: #DIV/0! | W9: 0 | X9: 0 | Y9: 0 | Z9: 0 | AA9: 0 | AB9: #DIV/0! | AC9: 0 | AD9: FALSE | AE9: #DIV/0! | AF9: 0 | AG9: 0 | AH9: #DIV/0! | AI9: 0 | AJ9: 0 | AK9: #DIV/0! | AL9: 0 | AM9: 0 | AN9: #DIV/0! | AO9: 0 | AP9: 0 | AQ9: 0 | AR9: #DIV/0! | AS9: ・全ての整備内容（導入予定の機械等）ごとに、 ①成果目標の達成に直結するものであり、導入した機械等を活用して目標年度までにどのように成果目標を達成していくのか ②予定する経営規模と比べて適切な規模であること（過剰な能力・規模の機械等でないこと） が分かるように記入してください。 | AT9: 0 | AU9: 0 | AV9: 0 | AW9: 0 | AX9: 0 | AY9: 0 | AZ9: 0 | BA9: 0 | BB9: 0 | BC9: 0 | BD9: 1000000 | BE9: 272000 | BF9: 0 | BG9: 0 | BH9: 0 | BI9: 27200 | BJ9: 0 | BK9: 0 | BL9: 46235 | BM9: 46245 | BN9: 1 園芸施設共済 | BO9: 46266 | BP9: 0 | BQ9: 2 | BR9: 0 | BS9: 0 | BT9: 0 | BU9: 2000000 | BV9: 545000 | BW9: 0 | BX9: 0 | BY9: 0 | BZ9: 181818.18 | CA9: 0 | CB9: 0 | CC9: 0 | CD9: 0 | CE9: 0 | CF9: 0 | CG9: 0 | CH9: 1.8 | CI9: 0 | CJ9: 0 | CK9: 0 | CL9: 700000 | CM9: 190000 | CN9: 0 | CO9: 0 | CP9: 0 | CQ9: 63636.364 | CR9: 0 | CS9: 0 | CT9: 0 | CU9: 0 | CV9: 0 | CW9: 0 | CX9: 0 | CY9: 3 | CZ9: 0 | DA9: 0 | DB9: 0 | DC9: 0 | DD9: ←事業費50万円以上が対象 | DE9: 0 | DF9: 0 | DG9: 0 | DH9: 0 | DI9: 0 | DJ9: 0 | DK9: 0 | DL9: 0 | DM9: 0 | DN9: 0 | DO9: 0 | DP9: 0 | DQ9: 0 | DR9: 0 | DS9: 0 | DT9: ←事業費50万円以上が対象 | DU9: 0 | DV9: 0 | DW9: 0 | DY9: 0 | DZ9: 0 | EA9: 0 | EB9: 0 | EC9: 0 | ED9: 0 | EE9: 0 | EF9: 0 | EG9: 0 | EH9: 0 | EI9: 0 | EJ9: 0 | EK9: ←事業費50万円以上が対象 | EL9: 0 | EM9: 0 | EN9: 0 | EP9: 0 | EQ9: 0 | ER9: 0 | ES9: 0 | ET9: 0 | EU9: 0 | EV9: 0 | EW9: 0 | EX9: 0 | EY9: 0 | EZ9: 0 | FA9: 0 | FB9: ←事業費50万円以上が対象 | FC9: 0 | FD9: 0 | FE9: 0 | FG9: 0 | FH9: 0 | FI9: 0 | FJ9: 0 | FK9: 0 | FL9: 0 | FM9: 0 | FN9: 0 | FO9: 0 | FP9: 0 | FQ9: 0 | FR9: 0 | FS9: ←事業費50万円以上が対象 | FT9: 0 | FU9: 0 | FV9: 0 | FX9: 0 | FY9: 0 | FZ9: 0 | GA9: 0 | GB9: 0 | GC9: 0 | GD9: 0 | GE9: 0 | GF9: 0 | GG9: 0 | GH9: 0 | GI9: 0 | GJ9: ←事業費50万円以上が対象 | GK9: 0 | GL9: 0 | GM9: 0 | GO9: 0 | GP9: 0 | GQ9: 0 | GR9: 0 | GS9: 0 | GT9: 0 | GU9: 0 | GV9: 0 | GW9: 0 | GX9: 0 | GY9: 0 | GZ9: 0 | HA9: ←事業費50万円以上が対象 | HB9: 0 | HC9: 0 | HD9: 0 | HF9: 0 | HG9: 0 | HH9: 0 | HI9: 0 | HJ9: 0 | HK9: 0 | HL9: 0 | HM9: 0 | HN9: =SUM(HO9:HR9) -> 1500000 | HO9: 1000000 | HP9: 500000 | HQ9: 0 | HR9: 0 | HS9: 336363.64 | HT9: 100700 | HU9: #DIV/0! | HV9: #DIV/0! | IA9: #DIV/0! | IB9: 1 | IC9: 1 | ID9: 1 | IE9: 3 | IF9: 1 | IG9: 2 | IH9: 3 | II9: 1 | IJ9: 1 | IK9: 1 | IL9: 15 | IM9: #DIV/0!
A10: 1 | B10: 0 | C10: 0 | D10: 0 | E10: 1 認定農業者 | F10: 0 | G10: 1 法人 | H10: 1 課税事業者（簡易課税事業者除く） | I10: 0 | J10: 0 | K10: 0 | L10: 0 | M10: 0 | N10: 購入 | O10: 1 経営面積の３割又は４ha以上の拡大 | P10: 0 | Q10: 0 | R10: 0 | S10: 0 | T10: 0 | U10: 0 | V10: #DIV/0! | W10: 0 | X10: 0 | Y10: 0 | Z10: 0 | AA10: 0 | AB10: #DIV/0! | AC10: 0 | AD10: FALSE | AE10: #DIV/0! | AF10: 0 | AG10: 0 | AH10: #DIV/0! | AI10: 0 | AJ10: 0 | AK10: #DIV/0! | AL10: 0 | AM10: 0 | AN10: #DIV/0! | AO10: 0 | AP10: 0 | AQ10: 0 | AR10: #DIV/0! | AS10: ・全ての整備内容（導入予定の機械等）ごとに、 ①成果目標の達成に直結するものであり、導入した機械等を活用して目標年度までにどのように成果目標を達成していくのか ②予定する経営規模と比べて適切な規模であること（過剰な能力・規模の機械等でないこと） が分かるように記入してください。 | AT10: 0 | AU10: 0 | AV10: 0 | AW10: 0 | AX10: 0 | AY10: 0 | AZ10: 0 | BA10: 0 | BB10: 0 | BC10: 0 | BD10: 1000000 | BE10: 272000 | BF10: 0 | BG10: 0 | BH10: 0 | BI10: 27200 | BJ10: 0 | BK10: 0 | BL10: 46235 | BM10: 46245 | BN10: 1 園芸施設共済 | BO10: 46266 | BP10: 0 | BQ10: 2 | BR10: 0 | BS10: 0 | BT10: 0 | BU10: 2000000 | BV10: 545000 | BW10: 0 | BX10: 0 | BY10: 0 | BZ10: 181818.18 | CA10: 0 | CB10: 0 | CC10: 0 | CD10: 0 | CE10: 0 | CF10: 0 | CG10: 0 | CH10: 1.8 | CI10: 0 | CJ10: 0 | CK10: 0 | CL10: 700000 | CM10: 190000 | CN10: 0 | CO10: 0 | CP10: 0 | CQ10: 63636.364 | CR10: 0 | CS10: 0 | CT10: 0 | CU10: 0 | CV10: 0 | CW10: 0 | CX10: 0 | CY10: 3 | CZ10: 0 | DA10: 0 | DB10: 0 | DC10: 0 | DD10: ←事業費50万円以上が対象 | DE10: 0 | DF10: 0 | DG10: 0 | DH10: 0 | DI10: 0 | DJ10: 0 | DK10: 0 | DL10: 0 | DM10: 0 | DN10: 0 | DO10: 0 | DP10: 0 | DQ10: 0 | DR10: 0 | DS10: 0 | DT10: ←事業費50万円以上が対象 | DU10: 0 | DV10: 0 | DW10: 0 | DY10: 0 | DZ10: 0 | EA10: 0 | EB10: 0 | EC10: 0 | ED10: 0 | EE10: 0 | EF10: 0 | EG10: 0 | EH10: 0 | EI10: 0 | EJ10: 0 | EK10: ←事業費50万円以上が対象 | EL10: 0 | EM10: 0 | EN10: 0 | EP10: 0 | EQ10: 0 | ER10: 0 | ES10: 0 | ET10: 0 | EU10: 0 | EV10: 0 | EW10: 0 | EX10: 0 | EY10: 0 | EZ10: 0 | FA10: 0 | FB10: ←事業費50万円以上が対象 | FC10: 0 | FD10: 0 | FE10: 0 | FG10: 0 | FH10: 0 | FI10: 0 | FJ10: 0 | FK10: 0 | FL10: 0 | FM10: 0 | FN10: 0 | FO10: 0 | FP10: 0 | FQ10: 0 | FR10: 0 | FS10: ←事業費50万円以上が対象 | FT10: 0 | FU10: 0 | FV10: 0 | FX10: 0 | FY10: 0 | FZ10: 0 | GA10: 0 | GB10: 0 | GC10: 0 | GD10: 0 | GE10: 0 | GF10: 0 | GG10: 0 | GH10: 0 | GI10: 0 | GJ10: ←事業費50万円以上が対象 | GK10: 0 | GL10: 0 | GM10: 0 | GO10: 0 | GP10: 0 | GQ10: 0 | GR10: 0 | GS10: 0 | GT10: 0 | GU10: 0 | GV10: 0 | GW10: 0 | GX10: 0 | GY10: 0 | GZ10: 0 | HA10: ←事業費50万円以上が対象 | HB10: 0 | HC10: 0 | HD10: 0 | HF10: 0 | HG10: 0 | HH10: 0 | HI10: 0 | HJ10: 0 | HK10: 0 | HL10: 0 | HM10: 0 | HN10: =SUM(HO10:HR10) -> 1500000 | HO10: 1000000 | HP10: 500000 | HQ10: 0 | HR10: 0 | HS10: 336363.64 | HT10: 100700 | HU10: #DIV/0! | HV10: #DIV/0! | IA10: #DIV/0! | IB10: 1 | IC10: 1 | ID10: 1 | IE10: 3 | IF10: 1 | IG10: 2 | IH10: 3 | II10: 1 | IJ10: 1 | IK10: 1 | IL10: 15 | IM10: #DIV/0!

Sheet DB集計方法
A1: 地域農業構造転換支援事業の要望調査の集計方法
A3: 農業者
A4: 農業者（助成対象者）が地域農業構造転換支援計画個別経営体調書（助成対象者用）を入力し、市町村に提出
A5: ↓
A6: 市町村
A7: 市町村が内容を確認後、DBのシートの１行１件データを統合して、本ファイルの「DB」シートに値貼り付け
A8: 令和７年度地域農業構造転換支援計画書（シート「支援計画（市町村）」）に地区毎の合計等を記載。
A9: 都道府県に提出
A10: ↓
A11: 都道府県
A12: 都道府県が内容を確認後、市町村ごとのDBデータを結合して、県ごとのデータにする。
A13: 本ファイルの都道府県実施計画の「実施内容（内訳）」シートが自動で入力されるので内容を確認する。
... A18: 各都道府県の内容を確認後、地方農政局管内の結合（集約）して、農林水産省に提出

Sheet code
A1: 地域計画の区分 | C1: 農業地域類型
A2: ①目標集積率が６割以上 | C2: ①都市的地域
A3: ②目標集積率が５割以上（都府県の中山間地域に限る） | C3: ②平地農業地域
A4: ③目標集積率が現状集積率より10ポイント以上増加 | C4: ③中間農業地域
A5: ④ブラッシュアップを行い、事業実施年度の翌年度までに当該要件を満たすことが確実 | C5: ④山間農業地域
